 Dungeon Sprint DCSS version 0.30.1-9-gdf580d7c3d (webtiles) character file.

Game seed: 9638201338878854631

32 Heoruswealwe the Poker (level 3, -5/36 HPs)
             Began as a Minotaur Fighter on Sept 26, 2023.
             Was an Initiate of Gozag.
             Slain by an orc warrior
             ... wielding a +0 glaive
              (9 damage)
             ... in the Dungeon (Sprint IX: "|||||||||||||||||||||||||||||").
             The game lasted 00:02:34 (133 turns).

Heoruswealwe the Poker (Minotaur Fighter)            Turns: 133, Time: 00:02:35

Health: -5/36      AC: 15    Str: 22    XL:     3   Next: 8%
Magic:  2/2        EV:  8    Int:  5    God:    Gozag
Gold:   0          SH:  0    Dex:  9    Spells: 2/2 levels left

rFire   . . .        b - +2 halberd (venom)
rCold   . . .        (shield currently unavailable)
rNeg    . . .        c - +1 chain mail
rPois   .            (helmet restricted)
rElec   .            h - +0 cloak
rCorr   .            f - +0 pair of gloves
SInv    .            (no boots)
Will    .....        (no amulet) Stlth
                     k - +2 ring of protection
HPRegen 0.26/turn    (no ring)
MPRegen 0.08/turn

%: no teleportation
@: no status effects
A: horns 2, retaliatory headbutt
a: Renounce Religion, Potion Petition, Call Merchant, Bribe Branch


You were in the Dungeon.
You worshipped Gozag.
Gozag was noncommittal.
You visited 1 branch

Inventory:

Hand Weapons
 a - a +0 trident
 b - a +2 halberd of venom (weapon)
Armour
 c - a +1 chain mail (worn)
 d - a +0 buckler
 f - a +0 pair of gloves (worn)
 h - a +0 cloak (worn)
Jewellery
 k - a +2 ring of protection (left hand)
Wands
 m - a wand of quicksilver (10)
Scrolls
 j - 2 scrolls of blinking
Potions
 e - 5 potions of curing
 g - a potion of haste
 i - a potion of berserk rage
 l - 3 potions of heal wounds
 n - a potion of might


   Skills:
 + Level 5.1 Fighting
 * Level 5.7 Polearms
 + Level 5.1 Armour
 - Level 3.6 Shields


You had 2 spell levels left.
You didn't know any spells.
Your spell library was empty.

Dungeon Overview and Level Annotations

Branches:
Dungeon (1/1)

Altars:
Cheibriados
Dithmenos
Elyvilon
Fedhas
Gozag
Hepliaklqana
Kikubaaqudgha
Makhleb
Nemelex Xobeh
Okawaru
Qazlal
Ru
Sif Muna
Trog
Uskayaw
Vehumet
Wu Jian
Xom
Yredelemnul
Zin
The Shining One
Jiyva
Lugonu


Innate Abilities, Weirdness & Mutations

You have a pair of horns on your head.
You reflexively headbutt those who attack you in melee.


Message History

Adjust (i)tems, (s)pells, or (a)bilities?
m - a +0 cloak Adjust to which letter? (? for menu, Esc to quit)
h - a +0 cloak;
m - a wand of quicksilver (10)
You start putting on your armour.
You continue putting on your +0 cloak. x4
You finish putting on your +0 cloak.
You see here a +3 ring of intelligence.
You see here a +2 ring of protection.
n - a +2 ring of protection Adjust (i)tems, (s)pells, or (a)bilities?
n - a +2 ring of protection Adjust to which letter? (? for menu, Esc to quit)
k - a +2 ring of protection;
n - a potion of might
k - a +2 ring of protection (left hand)
You open the door.
An orc warrior, 2 trolls, a centaur and 2 shadows come into view.
The troll shouts!
The orc warrior shouts!
The troll shouts!
The centaur shouts!
The shadow slips into darkness.
The shadow flickers and vanishes!
Deactivating autopickup; reactivate with Ctrl-A.
You slash the troll!
The troll is moderately wounded.
The troll bites you. The troll barely misses you. The troll claws you!
You barely miss the troll.
The troll is lightly wounded.
The orc warrior hits you from afar with a +0 glaive.
The troll bites you but does no damage. The troll claws you but does no damage.
The troll claws you.
You closely miss the troll.
The troll is lightly wounded.
The orc warrior barely misses you. The troll bites you!
* * * LOW HITPOINT WARNING * * *
The troll claws you.
* * * LOW HITPOINT WARNING * * *
The troll claws you but does no damage. The troll bites you but does no damage.
The troll claws you but does no damage. The troll claws you.
* * * LOW HITPOINT WARNING * * *
The orc warrior hits you from afar with a +0 glaive!
You die...
Your body crumbles into a pile of gold.

▓!▓
$
▓?▓
$
▓[▓
$
▓.▓
$
▓.▓
▓.▓
$
▓.▓
▓=▓
$
▓@▓
$
▓T▓
$
▓o▓
▓T▓
$
▓.▓
$
▓c▓
$ $
▓W▓
$
▓.▓
$


You could see 2 trolls, an orc warrior, a shadow and a centaur.

Vanquished Creatures
  2 adders (D)
  A dart slug (D)
  2 orcs (D)
  3 hobgoblins (D)
  A quokka (D)
  A kobold (D)
10 creatures vanquished.

Notes
Turn   | Place    | Note
-------+----------+-------------------------------------------
     0 | D        | Heoruswealwe the Minotaur Fighter began the quest for the
                  | Orb.
     0 | D        | Reached XP level 1. HP: 19/19 MP: 0/0
    33 | D        | Reached XP level 2. HP: 26/28 MP: 1/1
    35 | D        | Reached skill level 5 in Polearms
    46 | D        | Reached skill level 5 in Fighting
    46 | D        | Reached skill level 5 in Armour
    46 | D        | Reached XP level 3. HP: 33/36 MP: 2/2
    52 | D        | Found a snail-covered altar of Cheibriados.
    52 | D        | Found a shadowy altar of Dithmenos.
    52 | D        | Found a white marble altar of Elyvilon.
    52 | D        | Found a blossoming altar of Fedhas.
    52 | D        | Found an opulent altar of Gozag.
    53 | D        | Found a hazy altar of Hepliaklqana.
    54 | D        | Found a viscous altar of Jiyva.
    55 | D        | Found an ancient bone altar of Kikubaaqudgha.
    56 | D        | Found a corrupted altar of Lugonu.
    57 | D        | Found a burning altar of Makhleb.
    58 | D        | Found a sparkling altar of Nemelex Xobeh.
    59 | D        | Found an iron altar of Okawaru.
    60 | D        | Became a worshipper of Gozag Ym Sagoz the Greedy
    61 | D        | Found a stormy altar of Qazlal.
    62 | D        | Found a sacrificial altar of Ru.
    63 | D        | Found a shimmering blue altar of Sif Muna.
    64 | D        | Found a bloodstained altar of Trog.
    65 | D        | Found a hide-covered altar of Uskayaw.
    66 | D        | Found a radiant altar of Vehumet.
    67 | D        | Found an ornate altar of the Wu Jian Council.
    68 | D        | Found a shimmering altar of Xom.
    69 | D        | Found a basalt altar of Yredelemnul.
    70 | D        | Found a glowing silver altar of Zin.
    71 | D        | Found a glowing golden altar of the Shining One.
   130 | D        | Noticed a troll
   130 | D        | Noticed an orc warrior
   130 | D        | Noticed a troll
   130 | D        | Noticed a shadow
   130 | D        | Noticed a centaur
   130 | D        | Noticed a shadow
   133 | D        | Slain by an orc warrior

Illustrated notes

Levels and vault maps discovered:
D:        linesprint [early_d, line_temple, items_1, d_10, items_2, lair_1,
          lair_end, items_3, orc_1, orc_end, items_4, d_15, swamp_1, shoals_1,
          snake_1, spider_1, d_20, vaults_1, items_5, swamp_end, shoals_end,
          snake_end, spider_end, vaults_end, d_27, items_6, zot_1, zot_end,
          crypt_end, forest_end, elf_end, slime_end, tomb_end, abyss_end,
          pan_hell_end]

Skill      XL: |  1  2 |
---------------+-------+-----
Polearms       | 4 5 |  5.7
Fighting       | 4 5 |  5.1
Armour         | 4 5 |  5.1
Shields        | |  3.6

Action                     || total
---------------------------++-------
  Melee: Trident           ||    26
         Headbutt          ||     5
         Halberd           ||     3
 Armour: Scale mail        ||     3
         Chain mail        ||     5
  Dodge: Dodged            ||     8
  Block: Buckler           ||     4
